 Dungeon Crawl Stone Soup version 0.24.0-13-gcf9b3192b9 (webtiles) character file.

Game seed: 1671856404114333389, levelgen mode: deterministic

136240 Matador8 the Jinx (level 16, -6/100 HPs)
             Began as a Vampire Enchanter on Nov 9, 2019.
             Was an Initiate of Gozag.
             Mangled by a spriggan rider
             ... wielding a +0 spear
              (12 damage)
             ... on level 2 of the Swamp on Nov 10, 2019.
             The game lasted 06:29:19 (49957 turns).

Matador8 the Jinx (Vampire Enchanter)              Turns: 49957, Time: 06:29:20

Health: -6/100     AC: 11    Str: 16    XL:     16   Next: 66%
Magic:  10/25      EV: 22    Int: 19    God:    Gozag
Gold:   6059       SH:  0    Dex: 21    Spells: 1/31 levels left

rFire    . . .     SeeInvis +   T - +2 scimitar (flame)
rCold    + + +     Gourm    .   (no shield)
rNeg     + + +     Faith    .   G - +2 robe {MR+}
rPois    ∞         Spirit   .   D - +0 helmet
rElec    .         Reflect  .   H - +1 cloak
rCorr    .         Harm     .   B - +0 pair of gloves
MR       ++...                  n - +2 pair of boots of the Greedy {+Inv rPois rC+ Stlth+}
Stlth    ++++......             r - amulet of magic regeneration
HPRegen  0.00/turn              t - +5 ring of dexterity
MPRegen  0.44/turn              M - +5 ring of strength

@: bloodless, regenerating quickly, hasted, slow
A: no food, fangs 3, see invisible, low mp 1, unbreathing
a: Bat Form, Revivify, Potion Petition, Call Merchant, Bribe Branch, Renounce
Religion, Evoke Invisibility


You were on level 2 of the Swamp.
You worshipped Gozag.
Gozag was greatly pleased with you.
You were bloodless.

You visited 6 branches of the dungeon, and saw 29 of its levels.
You also visited: Gauntlet.

You collected 9455 gold pieces.
You spent 512 gold pieces at shops.
You paid 2884 gold pieces to Gozag.

Inventory:

Hand Weapons
 a - a +1 dagger of electrocution
 b - a +4 scimitar of freezing
 T - a +2 scimitar of flaming (weapon)
Missiles
 m - 26 curare-tipped darts
 o - 2 throwing nets (quivered)
Armour
 n - the +2 pair of boots of the Greedy (worn) {+Inv rPois rC+ Stlth+}
   (You bought it in a shop on level 2 of the Orcish Mines)

   It protects you from cold.
   It protects you from poison.
   It lets you turn invisible.
   It makes you more stealthy.
 q - a +1 robe of resistance
 B - a +0 pair of gloves (worn)
 D - a +0 helmet (worn)
 G - a +2 robe of magic resistance (worn)
 H - a +1 cloak (worn)
 N - the +0 leather armour of the Hundredfold Souls {*Slow rC+ Dex+2}
   (You found it on level 6 of the Lair of Beasts)

   It affects your dexterity (+2).
   It protects you from cold.
   It may slow you when you take damage.
 W - a +0 shield
Jewellery
 p - an uncursed ring of resist corrosion
 r - an amulet of magic regeneration (around neck)
 t - a +5 ring of dexterity (left hand)
 I - an uncursed ring of protection from magic
 M - a +5 ring of strength (right hand)
 P - an uncursed ring of stealth
Wands
 i - a wand of random effects (24)
 v - a wand of disintegration (2)
 x - a wand of digging (9)
 C - a wand of flame (77)
 J - a wand of polymorph (2)
 Q - a wand of enslavement (2)
Scrolls
 c - 8 scrolls of remove curse
 f - a scroll of fog
 h - 9 scrolls of teleportation
 j - 7 scrolls of fear
 l - 2 scrolls of blinking
 s - 2 scrolls of immolation
 u - a scroll of summoning
 w - a scroll of amnesia
 y - 4 scrolls of enchant armour
 A - a scroll of vulnerability {unknown}
 E - 2 scrolls of enchant weapon {unknown}
 R - 2 scrolls of magic mapping
 S - a scroll of holy word {unknown}
Potions
 d - a potion of degeneration {unknown}
 e - 4 potions of cancellation
 k - 7 potions of curing
 z - a potion of resistance
 F - a potion of agility
 K - 2 potions of magic
 L - a potion of berserk rage {unknown}
 U - 2 potions of flight
 V - a potion of ambrosia {unknown}


   Skills:
 - Level 11.0 Fighting
 - Level 10.1(13.2) Short Blades
 - Level 13.0(14.0) Long Blades
 - Level 3.4 Throwing
 - Level 10.7 Dodging
 - Level 10.5 Stealth
 - Level 8.0 Spellcasting
 - Level 4.0 Conjurations
 - Level 14.4 Hexes
 - Level 2.3 Charms
 + Level 8.0 Summonings
 - Level 3.1 Translocations
 - Level 3.4 Transmutations
 - Level 4.5 Ice Magic
 + Level 8.4 Air Magic
 - Level 3.5 Earth Magic
 - Level 4.0 Evocations


You had one spell level left.
You knew the following spells:

 Your Spells              Type           Power        Failure   Level  Hunger
a - Swiftness             Chrm/Air       ####....     1%          2    N/A
b - Confuse               Hex            ######..     1%          3    N/A
c - Tukima's Dance        Hex            ######..     1%          3    N/A
d - Ensorcelled Hibernat  Hex/Ice        #####.       1%          2    N/A
e - Dazzling Spray        Conj/Hex       #####.       1%          3    N/A
f - Apportation           Tloc           ###...       2%          1    N/A
g - Passwall              Tmut/Erth      ###.....     3%          2    N/A
h - Invisibility          Hex            ######..     3%          6    N/A
i - Summon Lightning Spi  Summ/Air       #####...     3%          4    N/A
j - Airstrike             Air            #####.....   2%          4    N/A

Your spell library contained the following spells:

 Spells                   Type           Power        Failure   Level  Hunger
 Corona                   Hex            ######.      1%          1    N/A
 Shock                    Conj/Air       ####         1%          1    N/A
 Summon Butterflies       Summ           #####...     1%          1    N/A
 Sandblast                Erth           ###...       2%          1    N/A
 Infusion                 Chrm           ###.         3%          1    N/A
 Flame Tongue             Conj/Fire      ###..        4%          1    N/A
 Call Canine Familiar     Summ           #####...     1%          3    N/A
 Inner Flame              Hex/Fire       #####...     1%          3    N/A
 Spectral Weapon          Hex/Chrm       #####...     1%          3    N/A
 Static Discharge         Conj/Air       ####....     2%          3    N/A
 Silence                  Hex/Air        ######....   2%          5    N/A
 Summon Mana Viper        Hex/Summ       ######..     2%          5    N/A
 Shroud of Golubria       Chrm/Tloc      ###...       4%          2    N/A
 Song of Slaying          Chrm           ###.....     5%          2    N/A
 Throw Flame              Conj/Fire      ###...       6%          2    N/A
 Stone Arrow              Conj/Erth      ###...       6%          3    N/A
 Summon Ice Beast         Ice/Summ       ####....     7%          4    N/A
 Lesser Beckoning         Tloc           ###.......   8%          3    N/A
 Conjure Flame            Conj/Fire      ###.....     12%         3    N/A
 Regeneration             Chrm/Necr      ##........   17%         3    N/A
 Lightning Bolt           Conj/Air       ####......   21%         5    N/A
 Petrify                  Tmut/Erth      ###.....     22%         4    N/A
 Sticky Flame             Conj/Fire      ###.....     36%         4    N/A
 Lee's Rapid Deconstruct  Erth           ###.......   52%         5    N/A
 Fireball                 Conj/Fire      ###.......   73%         5    N/A
 Conjure Ball Lightning   Conj/Air       ####......   73%         6    N/A
 Alistair's Intoxication  Tmut/Pois      ##......     77%         5    N/A
 Deflect Missiles         Chrm/Air       ####......   83%         6    N/A
 Summon Hydra             Summ           #####.....   96%         7    N/A
 Ignition                 Fire           #.........   100%        8    N/A
 Shatter                  Erth           ###.......   100%        9    N/A
 Tornado                  Air            #####.....   100%        9    N/A

Dungeon Overview and Level Annotations

Branches:
Dungeon (15/15)            Temple (1/1) D:7            Lair (6/6) D:9
  Swamp (3/4) Lair:2        Snake (2/4) Lair:4        Slime (0/5) Lair:6
    Orc (2/2) D:9             Elf (0/3) Orc:2        Vaults (0/5) D:13
 Depths (0/5) D:15        Gauntlet (visited)

Altars:
Ashenzari
Cheibriados
Dithmenos
Elyvilon
Fedhas
Gozag
Hepliaklqana
Kikubaaqudgha
Makhleb
Nemelex Xobeh
Okawaru
Qazlal
Ru
Sif Muna
Trog
Uskayaw
Vehumet
Wu Jian
Xom
Yredelemnul
Zin
The Shining One
Jiyva

Shops:
D:6 :   D:7 }   D:8 *   D:10 **   D:12 ?   Orc:2 [%*:

Annotations:
D:6 1 runed translucent door, exclusion: door, Crazy Yiuf
D:7 exclusion: door
D:12 1 runed translucent door, ilikeclowns's ghost, journeyman MiBe
D:15 exclusion: door, Josephine
Lair:1 Monsterracer's ghost, journeyman DDFi
Lair:2 1 exclusion
Lair:4 1 runed translucent door, Lutiheq's ghost, journeyman DrTm; Rupert
Swamp:2 Jorgrun
Snake:2 Asterion; Kirke


Innate Abilities, Weirdness & Mutations

You do not eat.
You do not regenerate when monsters are visible.
You are frail without blood (-20% HP).
You can heal yourself when you bite living creatures.
You are immune to poison.
You have razor-sharp teeth.
You have supernaturally acute eyesight. (SInv)
You can survive without breathing.
Your magical capacity is low. (-10% MP)


Message History

You feel yourself speed up.
The spriggan rider hits you from afar with a +2 spear of freezing.
The spriggan rider barely misses you.
You enter the shallow water.
Moving in this stuff is going to be slow.
You enter the shallow water.
Moving in this stuff is going to be slow.
The spriggan rider hits you from afar with a +2 spear of freezing!
* * * LOW HITPOINT WARNING * * *
The spriggan rider completely misses you.
You enter the shallow water.
Moving in this stuff is going to be slow.
Why would you want to do that?
The spriggan rider hits you from afar with a +2 spear of freezing!!
* * * LOW HITPOINT WARNING * * *
The spriggan rider freezes you.
* * * LOW HITPOINT WARNING * * *
The spriggan rider hits you from afar with a +0 spear!
You die...
Your body crumbles into a pile of gold.

♣♣♣♣♣♣..≈≈≈§≈≈≈......♣≈.≈≈≈(...♣≈
♣≈≈♣♣.§≈≈≈≈≈≈.♣..≈≈.§♣♣..≈.≈(≈≈≈.
.≈≈...≈≈≈≈≈.≈..≈≈≈≈.♣♣♣♣≈♣.......
≈≈≈≈.≈≈≈≈≈≈≈≈..≈≈≈≈.≈.§♣....[...$
.≈≈≈.....≈≈≈≈≈.≈≈≈≈≈≈.≈)..≈....##
♣≈.≈.......≈≈§.≈≈≈≈≈≈.≈≈≈≈.....##
♣≈...≈≈.....≈≈≈≈≈≈≈≈≈.§.≈..#.....
♣..).)....≈≈.≈≈≈≈≈≈.≈.♣♣♣.#.#.$##
♣≈..≈≈...≈≈≈....@≈ii≈♣♣♣♣......##
♣♣♣<≈≈.≈≈§....≈≈..♣♣♣♣♣♣≈........
♣♣..≈≈≈≈≈≈.≈≈≈≈§≈≈.♣........##...
§≈..≈≈≈.§...≈≈≈≈≈≈%♣.≈≈≈≈........
.≈≈≈≈≈≈....≈≈≈≈≈.♣♣♣≈≈≈.....#....
≈..≈≈≈≈≈≈[....♣♣♣♣ ♣♣.i≈≈≈..##...
≈.≈.≈≈≈≈≈≈≈.≈♣♣ ♣≈♣♣♣.≈≈≈≈≈......
..♣≈....≈≈≈§.♣ ♣♣♣..<8i≈≈≈≈≈.....
♣♣♣♣♣...≈≈≈.♣♣♣♣≈≈≈.≈≈≈≈≈≈≈...≈..


You could see 2 spriggan riders.

Vanquished Creatures
  Agnes (D:15)
  2 thorn hunters
  Louise (Snake:1)
  Azrael (D:15)
  Snorg (Orc:2)
  4 ogre magi (Orc:2)
  Erolcha (D:10)
  Harold (D:10)
  A shambling mangrove (Swamp:2)
  8 hydras
  3 naga warriors (Snake:1)
  A rakshasa (D:15)
  6 anacondas
  3 death yaks
  10 two-headed ogres
  5 alligators
  A tengu warrior (D:15)
  Urug (Orc:2)
  5 shock serpents (Snake:1)
  Sonja (D:10)
  Nergalle (D:12)
  A deep elf knight (D:13)
  A skeletal warrior (D:13)
  2 unseen horrors (D:14)
  3 orc knights
  Pikel (D:8)
  3 naga ritualists
  7 ugly things
  3 cyclopes
  4 deep elf magi
  A salamander (Snake:1)
  A manticore (D:12)
  17 elephants (Lair:5)
  5 orc sorcerers
  7 mana vipers
  4 centaur zombies
  Joseph (D:10)
  A torpor snail (Lair:3)
  18 black mambas
  2 naga magi
  3 gargoyles
  A guardian serpent (Snake:1)
  6 centaur skeletons
  14 spiny frogs
  An efreet (D:14)
  7 yaktaurs
  A rime drake (Lair:6)
  A redback zombie (D:14)
  10 komodo dragons
  7 trolls
  3 tyrant leeches
  13 hornets
  8 polar bears
  11 slime creatures
  9 blink frogs
  A polar bear (shapeshifter) (D:15)
  10 dream sheep (Lair:6)
  7 bog bodies
  A dancing weapon (Orc:2)
  A hippogriff (shapeshifter) (D:15)
  8 hippogriffs
  A spriggan (shapeshifter) (D:14)
  14 spriggans
  3 shadows
  4 wraiths
  A wyvern (Lair:6)
  A vampire (D:12)
  2 fire elementals (D:15)
  Eustachio (D:6)
  2 hungry ghosts
  47 yaks
  5 basilisks
  2 chaos spawn (D:11)
  Grum (D:10)
  10 swamp worms
  22 vampire mosquitoes
  A steam dragon (D:11)
  8 nagas (Snake:1)
  5 insubstantial wisps (Swamp:2)
  3 acid dragons
  4 hell hounds
  11 water moccasins
  11 porcupines
  17 orc warriors
  2 sky beasts
  2 hornet zombies
  7 ice beasts
  20 ogres
  A slave (D:8)
  4 black bears
  A necrophage (D:8)
  26 wolves
  2 phantoms
  15 crocodiles
  5 boggarts (Lair:6)
  19 centaurs
  3 big kobolds (D:9)
  Blork the orc (D:6)
  15 bullfrogs
  3 gnoll sergeants (D:9)
  3 wyvern skeletons
  6 scorpions
  7 killer bees
  10 wights
  3 electric eels
  3 howler monkeys
  6 crimson imps
  A bullfrog zombie (D:9)
  5 hounds
  2 quasits
  15 orc priests
  A gnoll shaman (D:5)
  7 jellies
  3 bullfrog skeletons
  Terence (D:2)
  12 worker ants
  6 iguanas
  15 orc wizards
  3 hound skeletons
  A howler monkey zombie (D:6)
  6 adders
  4 shadow imps
  18 white imps
  A worker ant simulacrum (D:8)
  2 ufetubi (D:8)
  2 oozes
  2 adder zombies
  An adder skeleton (D:4)
  7 worms
  3 dart slugs (D:1)
  9 leopard geckos
  53 orcs
  6 bats
  4 giant cockroaches
  10 goblins
  6 hobgoblins
  9 jackals
  6 kobolds
  5 quokkas
  3 frilled lizards
  A leopard gecko simulacrum (D:8)
  7 rats
  A fungus (Lair:6)
841 creatures vanquished.

Vanquished Creatures (collateral kills)
  7 two-headed ogres
  An orc knight (Orc:1)
  A deep elf mage (D:13)
  2 spriggans
  A naga (Snake:1)
  2 orc warriors
  13 ogres
  A gnoll sergeant (D:9)
  3 wights
  4 orc priests
  An orc wizard (D:11)
  A centaur skeleton (D:11)
  A gnoll (D:9)
  A white imp (Orc:2)
  22 orcs
  A hobgoblin (D:3)
62 creatures vanquished.

Vanquished Creatures (others)
  21 dancing weapons
  2 slaves (D:8)
  A centaur (D:12)
  2 killer bees (D:10)
  A bush (Lair:2)
  A demonic plant (Gauntlet)
  64 fungi
  10 plants
102 creatures vanquished.

Grand Total: 1005 creatures vanquished

Notes
Turn   | Place    | Note
-------+----------+-------------------------------------------
     0 | D:1      | Matador8 the Vampire Enchanter began the quest for the Orb.
     0 | D:1      | Reached XP level 1. HP: 13/13 MP: 3/3
    61 | D:1      | Reached XP level 2. HP: 16/19 MP: 0/5
   391 | D:1      | Reached XP level 3. HP: 24/24 MP: 6/6
   530 | D:1      | Learned a level 3 spell: Confuse
   883 | D:1      | Reached skill level 5 in Hexes
  1005 | D:2      | Found a glowing golden altar of the Shining One.
  1008 | D:2      | Noticed Terence
  1013 | D:2      | Killed Terence
  1013 | D:2      | Reached XP level 4. HP: 24/24 MP: 6/8
  1024 | D:2      | Learned a level 3 spell: Tukima's Dance
  1027 | D:2      | Learned a level 2 spell: Ensorcelled Hibernation
  1078 | D:2      | Found an ancient bone altar of Kikubaaqudgha.
  1900 | D:3      | Reached skill level 5 in Stealth
  1900 | D:3      | Reached skill level 1 in Ice Magic
  2210 | D:3      | Reached XP level 5. HP: 28/28 MP: 9/9
  2519 | D:3      | Found a shattered altar of Ashenzari.
  3027 | D:4      | Noticed an ogre
  3050 | D:4      | Noticed an ogre
  3055 | D:4      | Noticed an ogre
  3062 | D:4      | Killed an ogre
  3062 | D:4      | Reached XP level 6. HP: 32/32 MP: 3/10
  3074 | D:4      | Reached skill level 5 in Short Blades
  3074 | D:4      | Reached skill level 6 in Hexes
  3766 | D:4      | Reached XP level 7. HP: 31/36 MP: 2/11
  3771 | D:4      | Learned a level 3 spell: Dazzling Spray
  3896 | D:5      | Entered Level 5 of the Dungeon
  3933 | D:5      | Found a glowing silver altar of Zin.
  4943 | D:5      | Reached XP level 8. HP: 41/41 MP: 12/12
  4959 | D:5      | Found an iron altar of Okawaru.
  5108 | D:6      | Found a stormy altar of Qazlal.
  5135 | D:6      | Found a bloodstained altar of Trog.
  5140 | D:6      | Noticed Eustachio
  5196 | D:6      | Killed Eustachio
  5228 | D:6      | Found a radiant altar of Vehumet.
  5295 | D:6      | Reached skill level 10 in Short Blades
  5303 | D:6      | Found Zeaq's Book Shoppe.
  5331 | D:6      | Noticed Blork the orc
  5334 | D:6      | Killed Blork the orc
  5334 | D:6      | Reached skill level 1 in Conjurations
  5568 | D:6      | Found a shadowy altar of Dithmenos.
  5615 | D:6      | Found a runed translucent door.
  5616 | D:6      | Noticed Crazy Yiuf
  6288 | D:7      | Reached skill level 7 in Hexes
  6313 | D:7      | Reached XP level 9. HP: 46/46 MP: 8/14
  6324 | D:7      | Found a burning altar of Makhleb.
  6360 | D:7      | Reached skill level 1 in Fighting
  6400 | D:7      | Found Efrah's Gadget Shoppe.
  6505 | D:7      | Found a staircase to the Ecumenical Temple.
  6520 | Temple   | Entered the Ecumenical Temple
  6741 | Temple   | Became a worshipper of Gozag Ym Sagoz the Greedy
  7585 | D:8      | Found an ornate altar of the Wu Jian Council.
  7586 | D:8      | Noticed a two-headed ogre
  7590 | D:8      | Noticed a polar bear
  7809 | D:8      | Noticed a polar bear
  7926 | D:7      | Reached skill level 8 in Hexes
  8254 | D:8      | Killed a polar bear
  8460 | D:8      | Found Vocal's Assorted Antiques.
  8677 | D:8      | Reached skill level 9 in Hexes
  8812 | D:8      | Reached skill level 5 in Fighting
  8927 | D:8      | Bought a scroll of teleportation for 87 gold pieces
  8975 | D:8      | Noticed a polar bear
  9027 | D:8      | Killed a polar bear
  9027 | D:8      | Reached XP level 10. HP: 54/59 MP: 3/16
  9101 | D:8      | Noticed Pikel
  9109 | D:8      | Killed Pikel
  9659 | D:8      | Reached skill level 1 in Evocations
  9949 | D:9      | Found a viscous altar of Jiyva.
 10490 | D:9      | Found a staircase to the Lair.
 10540 | D:9      | Reached skill level 5 in Dodging
 10553 | D:9      | Found a staircase to the Orcish Mines.
 11452 | D:10     | Entered Level 10 of the Dungeon
 11486 | D:10     | Noticed Sonja
 11644 | D:10     | Noticed a gargoyle
 11645 | D:10     | Found Ijekk's Profane Products.
 11751 | D:10     | Noticed Grum
 11779 | D:10     | Noticed Erolcha
 11785 | D:10     | Noticed Harold
 11840 | Lair:1   | Entered Level 1 of the Lair of Beasts
 11893 | Lair:1   | Noticed a spiny frog
 11901 | Lair:1   | Killed a spiny frog
 11901 | Lair:1   | Reached skill level 1 in Long Blades
 11901 | Lair:1   | Reached skill level 10 in Hexes
 11901 | Lair:1   | Reached XP level 11. HP: 63/63 MP: 14/18
 12130 | Lair:1   | Found a runed translucent gate.
 12132 | Lair:1   | Found a runed translucent gate.
 12133 | Lair:1   | Found a runed translucent gate.
 12134 | Lair:1   | Noticed Monsterracer's ghost (journeyman DDFi)
 12290 | Lair:1   | Noticed a five-headed hydra
 12528 | Lair:1   | Killed a five-headed hydra
 12528 | Lair:1   | Reached skill level 11 in Hexes
 13020 | Lair:1   | Reached skill level 5 in Long Blades
 13310 | Lair:2   | Learned a level 1 spell: Apportation
 14353 | Lair:2   | Found a staircase to the Swamp.
 14483 | Lair:2   | Reached XP level 12. HP: 51/73 MP: 13/19
 15120 | Lair:3   | Noticed a six-headed hydra
 15858 | Lair:3   | Killed a six-headed hydra
 15931 | Lair:3   | Reached skill level 10 in Long Blades
 16541 | Lair:4   | Found a gate leading to a gauntlet.
 16550 | Gauntlet | Entered a Gauntlet
 16550 | Gauntlet | Found a transporter.
 16550 | Gauntlet | Found a transporter.
 16560 | Gauntlet | Found a transporter.
 16565 | Gauntlet | Found a transporter.
 16568 | Gauntlet | Found a runed translucent door.
 16568 | Gauntlet | Found a runed translucent door.
 16572 | Gauntlet | Found a transporter.
 16576 | Gauntlet | Found a transporter.
 16584 | Gauntlet | Found a transporter.
 16597 | Gauntlet | Found a transporter.
 16614 | Gauntlet | Found a transporter.
 16618 | Gauntlet | Found a transporter.
 16626 | Gauntlet | Found a transporter.
 16630 | Gauntlet | Found a transporter.
 16631 | Gauntlet | Noticed a tengu warrior
 16796 | Lair:4   | Found a staircase to the Snake Pit.
 16955 | Lair:4   | Found a runed translucent door.
 16957 | Lair:4   | Found a shimmering altar of Xom.
 16957 | Lair:4   | Noticed Lutiheq's ghost (journeyman DrTm)
 16958 | Lair:4   | Identified the +6 war axe of the Morning {chaos, Dex+4}
 18069 | Lair:5   | Noticed Rupert
 18076 | Lair:5   | Paralysed by Rupert for 2 turns
 18257 | Lair:6   | Entered Level 6 of the Lair of Beasts
 18625 | Lair:6   | Noticed a death yak
 18686 | Lair:6   | Found a staircase to the Slime Pits.
 18693 | Lair:6   | Noticed a four-headed hydra
 18710 | Lair:6   | Killed a four-headed hydra
 18710 | Lair:6   | Reached XP level 13. HP: 47/78 MP: 8/20
 19489 | Lair:6   | Reached skill level 1 in Translocations
 19752 | Lair:6   | Learned a level 2 spell: Passwall
 20235 | Lair:6   | Got an encrusted leather armour
 20251 | Lair:6   | Identified the cursed +0 leather armour of the Hundredfold
                  | Souls {*Slow rC+ Dex+2} (You found it on level 6 of the
                  | Lair of Beasts)
 20343 | Lair:6   | Reached skill level 1 in Transmutations
 20354 | Lair:6   | Reached skill level 1 in Earth Magic
 21184 | Lair:5   | Noticed a dire elephant
 21205 | Lair:6   | Learned a level 6 spell: Invisibility
 22234 | D:10     | Killed Sonja
 22333 | D:10     | Killed Grum
 22603 | D:10     | Found a burning altar of Makhleb.
 22714 | D:10     | Noticed Joseph
 22727 | D:10     | Killed Joseph
 23517 | D:10     | Killed Erolcha
 23778 | D:10     | Killed Harold
 23841 | Orc:1    | Entered Level 1 of the Orcish Mines
 23969 | Orc:1    | Found a bloodstained altar of Trog.
 25268 | Orc:2    | Entered Level 2 of the Orcish Mines
 25277 | Orc:2    | Found a staircase to the Elven Halls.
 25560 | Orc:2    | Reached skill level 12 in Hexes
 25692 | Orc:2    | Reached XP level 14. HP: 77/87 MP: 18/21
 25825 | Orc:2    | Noticed Urug
 25876 | Orc:2    | Killed Urug
 26160 | Orc:2    | Reached skill level 10 in Stealth
 26662 | Orc:2    | Reached skill level 10 in Fighting
 27020 | Orc:2    | Reached skill level 13 in Hexes
 28044 | Orc:2    | Noticed Snorg
 28144 | Orc:2    | Killed Snorg
 28537 | Orc:2    | Found Uciwiusi's Book Emporium.
 28537 | Orc:2    | Found Goyseh's General Store.
 28538 | Orc:2    | Found Onith's Food Boutique.
 28538 | Orc:2    | Found Keuhob's Antique Armour Shoppe.
 28553 | Orc:2    | Bought a pair of distressingly furry boots for 313 gold
                  | pieces
 28558 | Orc:2    | Identified the +2 pair of boots of the Greedy {+Inv rPois
                  | rC+ Stlth+} (You bought it in a shop on level 2 of the
                  | Orcish Mines)
 29325 | Lair:6   | Reached skill level 5 in Spellcasting
 31336 | D:11     | Found a shimmering altar of Xom.
 31536 | D:11     | Found the +7 mace of Variability {chain chaos}
 32067 | D:12     | Noticed Nergalle
 32078 | D:12     | Killed Nergalle
 33029 | D:12     | Found Tuisisio's Magic Scroll Emporium.
 33039 | D:12     | Bought a scroll of identify for 30 gold pieces
 33039 | D:12     | Bought a scroll of identify for 30 gold pieces
 33039 | D:12     | Bought a scroll of magic mapping for 52 gold pieces
 33404 | D:12     | Found a runed translucent door.
 33404 | D:12     | Noticed ilikeclowns's ghost (journeyman MiBe)
 33442 | D:12     | Reached XP level 15. HP: 68/92 MP: 7/25
 34104 | D:13     | You fall into a shaft and drop 2 floors!
 34104 | D:15     | Entered Level 15 of the Dungeon
 34397 | D:14     | You fall into a shaft and drop 1 floor!
 36169 | Swamp:1  | Entered Level 1 of the Swamp
 36558 | Lair:2   | Reached skill level 1 in Throwing
 36698 | Swamp:1  | Learned a level 2 spell: Swiftness
 37061 | Swamp:1  | Noticed a thorn hunter
 37068 | Swamp:1  | Killed a thorn hunter
 37627 | Swamp:1  | Reached skill level 1 in Charms
 37627 | Swamp:1  | Reached skill level 1 in Air Magic
 38231 | Swamp:1  | Gained mutation: Your magical capacity is low. (-10% MP)
                  | [mutagenic glow]
 38683 | Swamp:2  | Noticed a thorn hunter
 39153 | Swamp:2  | Killed a thorn hunter
 39153 | Swamp:2  | Reached skill level 10 in Dodging
 39876 | Swamp:2  | Noticed Jorgrun
 40359 | Snake:1  | Entered Level 1 of the Snake Pit
 40359 | Snake:1  | Noticed Louise
 40590 | Lair:4   | Reached skill level 14 in Hexes
 40786 | Snake:1  | Killed Louise
 40970 | Snake:1  | Learned a level 4 spell: Summon Lightning Spire
 41003 | Snake:1  | Reached skill level 1 in Summonings
 42288 | Snake:1  | Reached XP level 16. HP: 100/100 MP: 22/25
 42955 | Snake:1  | Reached skill level 5 in Air Magic
 43949 | Snake:2  | Reached skill level 5 in Summonings
 44169 | Snake:2  | Noticed Asterion
 44169 | Snake:2  | Noticed Kirke
 47006 | D:13     | Found a gate to the Vaults.
 47445 | D:15     | Noticed Agnes
 47451 | D:15     | Killed Agnes
 47525 | D:15     | Noticed Azrael
 47731 | D:15     | Killed Azrael
 48081 | D:15     | Noticed Josephine
 48736 | D:15     | Noticed a sphinx
 49930 | Swamp:2  | Learned a level 4 spell: Airstrike
 49957 | Swamp:2  | Mangled by a spriggan rider

Levels and vault maps discovered:
D:1:      evilmike_arrival_run_for_it, layout_loops_ring
D:2:      layout_basic, kiku_gazebo_garden_becter, tso_metal_star, uniq_terence
D:3:      layout_basic, lemuel_coloured_pillars_altar
D:4:      layout_rooms, first_ration
D:5:      minmay_chambers_of_threes, layout_basic, kennysheep_mini,
          lemuel_round_altar
D:6:      minmay_diamond_boxcup, layout_loops_ring,
          grunt_dithmenos_smoke_and_mirrors, lemuel_round_altar,
          old_standard_altar, vehumet_crystals, serial_shops,
          nicolae_shop_stone, uniq_eustachio, uniq_blork_the_orc,
          uniq_crazy_yiuf_cottage
D:7:      layout_gridville, kennysheep_mini_moat,
          minmay_temple_entry_statues_pillars, serial_shops,
          nicolae_shop_window_shopping, the_bakery,
          kennysheep_decorative_pillar, serial_bayou_pond_e
D:8:      layout_cave_pools, lemuel_crystal_altar, serial_ice, serial_ice_m,
          serial_ice_e, serial_ice_l, serial_ice_c, serial_ice_b, serial_ice_o,
          serial_ice_n, serial_ice_f, serial_ice_h, serial_ice_a, serial_shops,
          nicolae_shop_behind_doors, minmay_misc_feat_more_columns, uniq_pikel
D:9:      layout_cross, grunt_lair_entry_orc_guard_hut,
          kennysheep_orc_monster_closet_entryway, jiyva_altar_1
D:10:     layout_gridville, nicolae_evil_shop, uniq_grum, uniq_erolcha,
          uniq_joseph, uniq_sonja, uniq_harold
D:11:     layout_loops_cross, minmay_guarded_unrand_variability
D:12:     layout_stronghold, ebering_ghost_inner_flame, serial_shops,
          shop_fountains, minmay_alternating_orb, uniq_nergalle
D:13:     layout_irregular_city, hangedman_vaults_entry_quadrant_bands,
          evilmike_butchery
D:14:     layout_loops_corners, hangedman_decor_clover_reticule
D:15:     gammafunk_enter_depths_forms, layout_gridville, minmay_crystal_water,
          uniq_azrael, uniq_josephine, uniq_agnes
Temple:   minmay_temple_curvy_loop
Lair:1:   layout_gridlike, ebering_ghost_rock_garden, grunt_megastairs_5
Lair:2:   layout_concentric_octagons, nicolae_swamp_entry_splash_gauntlet,
          special_room [special_room_bee], grunt_megastairs_3, lemuel_fruit_tree
Lair:3:   layout_big_grid
Lair:4:   layout_regular_city, dummy_snake_entry, gauntlet_entry_generic,
          ebering_ghost_xom, lemuel_old_faithful, infiniplex_staircase_pool_2
Lair:5:   mu_elephants_graveyard, layout_regular_city, minmay_holes, uniq_rupert
Lair:6:   minmay_lair_end_enchanted_forest, layout_gridlike, slime_dummy
Swamp:1:  layout_falls_marsh, evilmike_swamp_ruin_house_3
Swamp:2:  layout_basic_swamp, evilmike_swamp_ruin_rubble_1, uniq_jorgrun
Swamp:3:  layout_basic_swamp, evilmike_swamp_ruin_house_4
Snake:1:  layout_basic, grunt_ministairs_6, uniq_louise
Snake:2:  layout_chambers, uniq_asterion, uniq_aizul, uniq_vashnia, uniq_kirke
Orc:1:    layout_diamond_mine, trog_butcher_becter
Orc:2:    st_orc_ogre_mass, layout_diamond_mine, portal_ice_cave_entry_imps,
          uniq_snorg, uniq_urug

Skill      XL: |  1  2  3  4  5  6  7  8  9 10 11 12 13 14 15 16 |
---------------+-------------------------------------------------+-----
Short Blades   | 2 3 4 5 8 10 | 10.1
Hexes          | 5 6 7 9 10 11 12 13 14 | 14.4
Spellcasting   | 3 4 7 8 |  8.0
Stealth        | 5 7 9 10 | 10.5
Ice Magic      | 1 2 3 4 |  4.5
Conjurations   | 2 4 |  4.0
Fighting       | 5 6 8 9 10 11 | 11.0
Evocations     | 4 |  4.0
Dodging        | 6 7 9 10 | 10.7
Long Blades    | 1 7 12 13 | 13.0
Translocations | 2 3 |  3.1
Transmutations | 2 3 |  3.4
Earth Magic    | 2 3 |  3.5
Throwing       | 3 |  3.4
Charms         | 2 |  2.3
Air Magic      | 4 8 |  8.4
Summonings     | 3 8 |  8.0

Action                   |  1- 3 |  4- 6 |  7- 9 | 10-12 | 13-15 | 16-18 || total
-------------------------+-------+-------+-------+-------+-------+-------++-------
Melee: Dagger            |   129 |   151 |   241 |   516 |  1003 |   220 ||  2260
       Bite              |     8 |     4 |    31 |    68 |   205 |    47 ||   363
       Scimitar          |       |       |       |    15 |   425 |   164 ||   604
 Cast: Corona            |    24 |    10 |     7 |    20 |    14 |       ||    75
       Confuse           |     4 |     8 |    64 |   125 |   167 |    26 ||   394
       Tukima's Dance    |       |    21 |    12 |    14 |   148 |    31 ||   226
       Ensorcelled Hiber |       |       |     4 |    83 |    22 |       ||   109
       Dazzling Spray    |       |       |     3 |    30 |   137 |    24 ||   194
       Invisibility      |       |       |       |       |    25 |    20 ||    45
       Passwall          |       |       |       |       |     3 |       ||     3
       Swiftness         |       |       |       |       |     1 |     1 ||     2
       Summon Lightning  |       |       |       |       |       |     6 ||     6
       Airstrike         |       |       |       |       |       |     5 ||     5
Invok: Potion Petition   |       |       |       |     2 |     2 |     2 ||     6
       Call Merchant     |       |       |       |       |     1 |       ||     1
 Abil: Exsanguinate      |     1 |       |       |     1 |       |       ||     2
       Revivify          |       |       |       |     1 |       |       ||     1
Evoke: Wand              |       |       |       |    13 |       |       ||    13
  Use: Scroll            |       |     7 |     5 |    10 |    20 |     4 ||    46
       Potion            |       |       |     1 |     1 |    13 |     3 ||    18
 Stab: Sleeping          |     5 |    20 |    14 |    48 |    60 |    19 ||   166
       Confused          |     1 |     3 |    24 |    71 |    88 |    14 ||   201
       Distracted        |       |     2 |     2 |     1 |    17 |     9 ||    31
       Invisible         |       |       |       |     8 |    60 |    46 ||   114
Armor: Robe              |    15 |    18 |       |    58 |   171 |    48 ||   310
       Leather armour    |       |     1 |    20 |     1 |       |       ||    22
Dodge: Dodged            |    67 |    74 |    77 |   315 |   881 |   235 ||  1649
       Rpst.: Scimitar   |       |       |       |     5 |    74 |    22 ||   101
